 Dungeon Crawl Stone Soup version 0.29.1-15-g9cfb28693d (webtiles) character file.

Game seed: 4031554199939233136

86 jtron the Ducker (level 4, -5/41 HPs)
             Began as a Gnoll Monk on Mar 20, 2023.
             Slain by Sigmund
             ... wielding a +0 vorpal scythe
              (6 damage)
             ... on level 2 of the Dungeon.
             The game lasted 00:04:59 (1794 turns).

jtron the Ducker (Gnoll Monk)                       Turns: 1794, Time: 00:05:00

Health: -5/41      AC:  5    Str: 12    XL:     4   Next: 50%
Magic:  5/5        EV: 15    Int:  9    God:
Gold:   67         SH:  0    Dex: 15    Spells: 5/5 levels left

rFire   . . .      SeeInvis .   b - +0 spear
rCold   . . .      Faith    .   (no shield)
rNeg    . . .      Spirit   .   t - +0 robe
rPois   .          Reflect  .   (no helmet)
rElec   .          Harm     .   (no cloak)
rCorr   .          Rampage  .   j - +0 pair of gloves
Will    +....                   p - +1 pair of boots
Stlth   +++.......              (no amulet)
HPRegen 0.13/turn               f - ring of willpower
MPRegen 0.09/turn               (no ring)

@: hasted, very quick
A: fangs 1, strong nose, distributed training
a: no special abilities


You were on level 2 of the Dungeon.
You visited 1 branch of the dungeon, and saw 2 of its levels.

You collected 67 gold pieces.

Inventory:

Hand Weapons
 a - a +0 sling
 b - a +0 spear (weapon)
 d - a +9 club
Missiles
 g - 5 boomerangs (quivered)
 n - 12 stones
Armour
 j - a +0 pair of gloves (worn)
 p - a +1 pair of boots (worn)
 t - a +0 robe (worn)
Jewellery
 f - a ring of willpower (left hand)
 k - a +4 ring of protection
Scrolls
 m - a scroll of immolation {unknown}
 o - a scroll of silence {unknown}
 r - a scroll of butterflies {unknown}
Potions
 c - a potion of ambrosia
 e - 2 potions of mutation
 h - a potion of haste
 l - a potion of cancellation
 q - a potion of brilliance {unknown}


   Skills:
 + Level 6.6 Fighting
 + Level 1.2 Short Blades
 + Level 1.2 Long Blades
 + Level 1.2 Axes
 + Level 1.2 Maces & Flails
 + Level 6.6 Polearms
 + Level 1.2 Staves
 + Level 1.2 Ranged Weapons
 + Level 1.2 Throwing
 + Level 1.2 Armour
 + Level 6.6 Dodging
 + Level 4.3 Stealth
 + Level 1.2 Shields
 + Level 1.2 Unarmed Combat
 + Level 1.2 Spellcasting
 + Level 1.0 Conjurations
 + Level 1.0 Hexes
 + Level 1.0 Summonings
 + Level 1.0 Necromancy
 + Level 1.0 Translocations
 + Level 1.0 Transmutations
 + Level 1.0 Fire Magic
 + Level 1.0 Ice Magic
 + Level 1.0 Air Magic
 + Level 1.0 Earth Magic
 + Level 1.0 Poison Magic
 + Level 1.3 Invocations
 + Level 1.2 Evocations


You had 5 spell levels left.
You didn't know any spells.
Your spell library was empty.

Dungeon Overview and Level Annotations

Branches:
Dungeon (2/15)

Altars:

Annotations:
D:2 Sigmund


Innate Abilities, Weirdness & Mutations

You have very sharp teeth.
Your uncanny sense of smell can sniff out nearby items.
Your experience applies equally to all skills.


Message History

Something hits you!
Found a stone staircase leading down.
Things that are here:
a frilled lizard corpse; a ball python corpse; an adder corpse
Things that are here:
a frilled lizard corpse; a ball python corpse; an adder corpse You hit something.
Something hits you!
You closely miss something.
You feel yourself speed up. Something hits you but does no damage.
You feel better.
You closely miss something. You bite something.
You hear some strange, mumbled words.
A puff of flame appears from out of thin air!
The puff of flame hits you!
You hit something but do no damage. You hit something.
Your bite misses something. Something hits you!
* * * LOW HITPOINT WARNING * * *
x2 You hit something but do no damage.
You feel better.
You hear some strange, mumbled words.
Something tries to affect you, but you resist.
You barely miss something. You hit something but do no damage.
Something hits you but does no damage.
You hit something. You hit something but do no damage. You miss something.
Something barely misses you.
You closely miss something. You miss something.
You hit something but do no damage. You bite something. Something hits you.
* * * LOW HITPOINT WARNING * * *
x2 You miss something.
Your bite misses something.
You feel better.
You hit something but do no damage.
You hear some strange, mumbled words.
A puff of flame appears from out of thin air!
The puff of flame hits you!
* * * LOW HITPOINT WARNING * * *
You hit something. Your punch misses something. You hit something.
Something hits you.
You die...

.....#..#..######......###...
#
..#.##..#..##...............
.# #r...#...............†..##
..##
.........................#
..... ####
..#.........#.......#......
...#.#....{..##.......#...
...#.####................
#...#####{.#.....#......
#.....@#.......##.....
#.##...###.....# #....
#....##.....# .... ∆
.............# ...
.......###.#....# ..
..###....# #.......# . ##.>..
...###..# #.>.. ... ...
#..... ∆


There were no monsters in sight!

Vanquished Creatures
  Jessica (D:2)
  Robin (D:1)
  2 adders
  A dart slug (D:2)
  An endoplasm (D:1)
  8 goblins
  4 hobgoblins
  2 quokkas
  A ball python (D:2)
  2 frilled lizards
  4 kobolds
  3 rats (D:1)
30 creatures vanquished.

Notes
Turn   | Place    | Note
-------+----------+-------------------------------------------
     0 | D:1      | jtron the Gnoll Monk began the quest for the Orb.
     0 | D:1      | Reached XP level 1. HP: 23/23 MP: 1/1
   698 | D:2      | Noticed Sigmund
   698 | D:2      | Noticed Robin
   704 | D:1      | Reached XP level 2. HP: 29/29 MP: 2/2
   938 | D:1      | Reached XP level 3. HP: 20/35 MP: 3/3
  1254 | D:1      | Killed Robin
  1255 | D:1      | Reached skill level 1 in Invocations
  1525 | D:2      | Reached skill level 1 in Short Blades
  1525 | D:2      | Reached skill level 1 in Long Blades
  1525 | D:2      | Reached skill level 1 in Axes
  1525 | D:2      | Reached skill level 1 in Maces & Flails
  1525 | D:2      | Reached skill level 1 in Staves
  1525 | D:2      | Reached skill level 1 in Ranged Weapons
  1525 | D:2      | Reached skill level 1 in Throwing
  1525 | D:2      | Reached skill level 1 in Armour
  1525 | D:2      | Reached skill level 1 in Shields
  1525 | D:2      | Reached skill level 1 in Unarmed Combat
  1525 | D:2      | Reached skill level 1 in Spellcasting
  1525 | D:2      | Reached skill level 1 in Evocations
  1648 | D:2      | Noticed Jessica
  1656 | D:2      | Killed Jessica
  1657 | D:2      | Reached XP level 4. HP: 32/41 MP: 5/5
  1764 | D:2      | Reached skill level 1 in Conjurations
  1764 | D:2      | Reached skill level 1 in Hexes
  1764 | D:2      | Reached skill level 1 in Summonings
  1764 | D:2      | Reached skill level 1 in Necromancy
  1764 | D:2      | Reached skill level 1 in Translocations
  1764 | D:2      | Reached skill level 1 in Transmutations
  1764 | D:2      | Reached skill level 1 in Fire Magic
  1764 | D:2      | Reached skill level 1 in Ice Magic
  1764 | D:2      | Reached skill level 1 in Air Magic
  1764 | D:2      | Reached skill level 1 in Earth Magic
  1764 | D:2      | Reached skill level 1 in Poison Magic
  1789 | D:2      | HP: 2/41 [something (2)]
  1794 | D:2      | Slain by Sigmund

Illustrated notes

Levels and vault maps discovered:
D:1:      elethiomel_arrival_quiet, layout_basic, serial_aquarium,
          aquarium_bridge_straight [aquarium_subvault_bridge,
          aquarium_subvault_wall, aquarium_subvault_bridge,
          aquarium_subvault_balcony], aquarium_window_1, aquarium_window_corner,
          aquarium_window_2, aquarium_window_1, aquarium_view_4,
          aquarium_view_2b
D:2:      layout_rooms, uniq_crazy_yiuf_cottage, uniq_sigmund, uniq_robin,
          uniq_jessica

Skill      XL: |  1  2  3  4 |
---------------+-------------+-----
Invocations    | 1 |  1.3
Short Blades   | 1 |  1.2
Long Blades    | 1 |  1.2
Axes           | 1 |  1.2
Maces & Flails | 1 |  1.2
Staves         | 1 |  1.2
Ranged Weapons | 1 |  1.2
Throwing       | 1 |  1.2
Armour         | 1 |  1.2
Shields        | 1 |  1.2
Unarmed Combat | 1 |  1.2
Spellcasting   | 1 |  1.2
Evocations     | 1 |  1.2
Conjurations   | 1 |  1.0
Hexes          | 1 |  1.0
Summonings     | 1 |  1.0
Necromancy     | 1 |  1.0
Translocations | 1 |  1.0
Transmutations | 1 |  1.0
Fire Magic     | 1 |  1.0
Ice Magic      | 1 |  1.0
Air Magic      | 1 |  1.0
Earth Magic    | 1 |  1.0
Poison Magic   | 1 |  1.0
Fighting       | |  6.6
Polearms       | |  6.6
Dodging        | |  6.6
Stealth        | |  4.3

Action                   |  1- 3 |  4- 6 || total
-------------------------+-------+-------++-------
Melee: Spear             |    56 |    34 ||    90
       Bite              |     3 |     2 ||     5
       Punch             |       |     1 ||     1
 Fire: Sling             |       |     2 ||     2
Throw: Boomerang         |    25 |       ||    25
  Use: Potion            |     1 |     4 ||     5
       Scroll            |     2 |     1 ||     3
 Stab: Sleeping          |     5 |       ||     5
Armor: Robe              |     4 |     3 ||     7
Dodge: Dodged            |    41 |    11 ||    52
